 Dungeon Crawl Stone Soup version 0.30.0-30-g96aa6591b8 (webtiles) character file.

Game seed: 8724202606796390011

126 Fodor the Covered (level 4, 0/41 HPs)
             Began as a Minotaur Fighter on June 30, 2023.
             Slain by a jelly (2 damage)
             ... on level 4 of the Dungeon.
             The game lasted 00:14:20 (2428 turns).

Fodor the Covered (Minotaur Fighter)                Turns: 2428, Time: 00:14:20

Health: 0/41       AC:  6    Str: 22 (23) XL:     4   Next: 83%
Magic:  3/3        EV:  8    Int:  2 (5)  God:
Gold:   148        SH:  4    Dex:  7 (9)  Spells: 3/3 levels left

rFire   . . .        a - +0 long sword
rCold   + + .        c - +0 buckler
rNeg    . . .        i - +0 chain mail {rC+}
rPois   .            (helmet restricted)
rElec   .            (no cloak)
rCorr   .            g - +0 pair of gloves
SInv    .            (no boots)
Will    .....        u - amulet of magic regeneration Stlth
                     o - ring of protection from cold
HPRegen 0.26/turn    (no ring)
MPRegen 0.48/turn

%: no passive effects
@: corroded
A: horns 2, retaliatory headbutt
a: no special abilities


You were on level 4 of the Dungeon.
You visited 1 branch of the dungeon, and saw 4 of its levels.

You collected 148 gold pieces.

Inventory:

Hand Weapons
 a - a +0 long sword (weapon)
Armour
 c - a +0 buckler (worn)
 g - a +0 pair of gloves (worn)
 i - a +0 chain mail of cold resistance (worn)
Jewellery
 o - a ring of protection from cold (left hand)
 u - an amulet of magic regeneration (around neck)
Scrolls
 e - a scroll of blinking
 f - 6 scrolls of teleportation
 h - a scroll of enchant weapon
 k - a scroll of torment
 l - 2 scrolls of fear
 m - a scroll of immolation {unknown}
 v - a scroll of amnesia {unknown}
 w - a scroll of acquirement {unknown}
Potions
 b - a potion of mutation {unknown}
 d - a potion of might
 j - 2 potions of degeneration
 n - a potion of ambrosia {unknown}
 p - a potion of haste {unknown}
 q - a potion of curing {unknown}
 r - a potion of berserk rage {unknown}
 s - a potion of flight {unknown}
 t - a potion of brilliance {unknown}


   Skills:
 + Level 4.4 Fighting
 + Level 4.0 Long Blades
 + Level 4.6 Armour
 + Level 0.6 Dodging
 + Level 0.4 Stealth
 + Level 4.1 Shields


You had 3 spell levels left.
You didn't know any spells.
Your spell library contained the following spells:

 Spells                   Type           Power      Damage    Failure   Level
 Sting                    Tmut/Pois      0%         1d3       99%         1
 Poisonous Vapours        Pois/Air       0%         N/A       100%        2
 Call Canine Familiar     Summ           0%         N/A       100%        3
 Portal Projectile        Hex/Tloc       0%         N/A       100%        3
 Leda's Liquefaction      Hex/Erth       0%         N/A       100%        4
 Olgreb's Toxic Radiance  Pois           0%         N/A       100%        4
 Fireball                 Conj/Fire      0%         3d3       100%        5
 Iskenderun's Battlesphe  Conj           0%         2d6       100%        5
 Conjure Ball Lightning   Conj/Air       0%         3x3d6     100%        6
 Orb of Destruction       Conj           0%         9d5       100%        7


Dungeon Overview and Level Annotations

Branches:
Dungeon (4/15)
 Temple: D:4-7

Altars:
Fedhas
Sif Muna

Shops:
D:1 [

Annotations:
D:2 1 runed translucent door, Crazy Yiuf


Innate Abilities, Weirdness & Mutations

You have a pair of horns on your head.
You reflexively headbutt those who attack you in melee.


Message History

You see here 7 stones.
A hound comes into view.
The hound barks!
The hound stops to sniff the ground.
You see here a scroll of identify.
You hit the hound.
The hound is lightly wounded.
The hound closely misses you. The hound bites you but does no damage.
You hit the hound but do no damage.
The hound is lightly wounded.
The hound barely misses you. You furiously retaliate!
You headbutt the hound! You barely miss the hound.
The hound is almost dead.
The hound bites you. The hound barely misses you. You furiously retaliate!
You headbutt the hound!
You kill the hound!
Your Long Blades skill increases to level 4!
You see here a hound corpse.
w - a scroll labelled ADAKOI JICLUINAC A jelly comes into view.
The jelly quivers.
You see here a hound corpse.
You see here a scroll of identify.
The jelly hits you.
You are splashed with acid!
You hit the jelly but do no damage. The acid corrodes you!
Your hands burn!
The jelly hits you.
You are splashed with acid!
You hit the jelly but do no damage.
Your hands burn!
* * * LOW HITPOINT WARNING * * *
You headbutt the jelly.
The jelly is lightly wounded.
The jelly hits you.
* * * LOW HITPOINT WARNING * * *
You are splashed with acid!
* * * LOW HITPOINT WARNING * * *
The jelly hits you but does no damage.
It was a potion of degeneration.
There was something very wrong with that liquid.
You feel weakened.
You feel dopey.
You feel clumsy. The jelly hits you.
You die...

#...##..>..#
#...##....#
#...##...##
#.<......##
#..(......##
#..........##
##..............
##....†......###.
#..J@.?....###
#............#
#..............#
#...###....#...#
#..# ##..####..#
#.. #..# #.. #
#..# #. ##.#


You could see a jelly.

Vanquished Creatures
  A hound (D:4)
  3 adders
  2 dart slugs
  4 orcs (D:3)
  5 endoplasms
  A giant cockroach (D:1)
  7 goblins
  4 hobgoblins
  3 quokkas
  3 ball pythons
  7 bats
  3 frilled lizards
  8 kobolds
  7 rats
58 creatures vanquished.

Notes
Turn   | Place    | Note
-------+----------+-------------------------------------------
     0 | D:1      | Fodor the Minotaur Fighter began the quest for the Orb.
     0 | D:1      | Reached XP level 1. HP: 19/19 MP: 0/0
   332 | D:1      | Reached XP level 2. HP: 27/27 MP: 1/1
   395 | D:1      | Found Kymaushrai's Armour Boutique.
   974 | D:2      | Reached XP level 3. HP: 27/33 MP: 2/2
  1167 | D:2      | Found a blossoming altar of Fedhas.
  1280 | D:2      | Found a runed translucent door.
  1281 | D:2      | Noticed Crazy Yiuf
  1540 | D:2      | Reached XP level 4. HP: 29/40 MP: 3/3
  1606 | D:3      | Found a shimmering blue altar of Sif Muna.
  2427 | D:4      | HP: 2/41 [acid (9)]
  2428 | D:4      | Slain by a jelly

Illustrated notes

Levels and vault maps discovered:
D:1:      scummos_arrival_forest, layout_basic, serial_corexii_hall,
          chequers_hall_statues_corner_a, corexii_hall_statues_deadend,
          chequers_hall_statues_y, corexii_hall_statues_l, serial_shops, shop
D:2:      layout_rooms, basic_altar, st_stairs_3, uniq_crazy_yiuf_cottage
D:3:      layout_basic, mainiacjoe_overflow_boulevard
D:4:      layout_layer_cave, gup_sewer_entry_glass, uniq_eustachio

Skill      XL: |  1  2  3  4 |
---------------+-------------+-----
Fighting       | 4 |  4.4
Armour         | 4 |  4.6
Long Blades    | 3 4 |  4.0
Shields        | 4 |  4.1
Dodging        | |  0.6
Stealth        | |  0.4

Action                     |  1- 3 |  4- 6 || total
---------------------------+-------+-------++-------
  Melee: Long sword        |   106 |    25 ||   131
         Headbutt          |    10 |     8 ||    18
    Use: Scroll            |     4 |     1 ||     5
         Potion            |       |     1 ||     1
 Armour: Scale mail        |    50 |       ||    50
         Chain mail        |    26 |    14 ||    40
  Dodge: Dodged            |    70 |    13 ||    83
  Block: Buckler           |    32 |     3 ||    35
